 Dungeon Crawl Stone Soup version 0.18-a0-1721-gc4d1f22 (webtiles) character file.

147 dobroeutro the Covered (level 5, -5/33 HPs)
             Began as a Gargoyle Fighter on Apr 9, 2016.
             Killed by divine providence
             ... invoked by an orc priest
              (8 damage)
             ... on level 3 of the Dungeon.
             The game lasted 00:04:42 (1792 turns).

dobroeutro the Covered (Gargoyle Fighter)           Turns: 1792, Time: 00:04:43

Health: -5/33      AC: 13    Str: 20    XL:     5   Next: 29%
Magic:  5/5        EV:  7    Int:  9    God:
Gold:   115        SH: 13    Dex:  9    Spells: 0 memorised, 4 levels left

rFire  . . .     SeeInvis .     j - +2 spear (freeze)
rCold  . . .     Gourm    .     b - +0 scale mail
rNeg   + . .     Faith    .     c - +0 shield
rPois  ∞         Spirit   .     (no helmet)
rElec  +         Dismiss  .     (no cloak)
rCorr  .         Reflect  +     (no gloves)
SustAt .         Harm     .     p - +1 pair of boots
MR     .....                    i - +4 amulet of reflection
Stlth  ..........               (no ring)
                                (no ring)

@: not resistant to hostile enchantments, extremely unstealthy
A: negative energy resistance 1, electricity resistance, unbreathing,
petrification resistance, rot immunity, AC +4
a: no special abilities


You were on level 3 of the Dungeon.
You were not hungry.

You visited 1 branch of the dungeon, and saw 3 of its levels.

You collected 115 gold pieces.

Inventory:

Hand Weapons
 a - a +0 flail
 j - a +2 spear of freezing (weapon)
Armour
 b - a +0 scale mail (worn)
 c - a +0 shield (worn)
 p - a +1 pair of boots (worn)
 q - a +1 leather armour of cold resistance
Jewellery
 i - a +4 amulet of reflection (around neck)
Scrolls
 e - 2 scrolls of remove curse {unknown}
 g - a scroll of magic mapping {unknown}
 h - 2 scrolls of teleportation {unknown}
 k - a scroll of fear {unknown}
 m - 2 scrolls of identify {unknown}
 n - a scroll of enchant armour {unknown}
Potions
 d - a potion of might
 l - a potion of curing {unknown}
Books
 r - a book of the Sky

   Spells                             Type                      Level
   a - Summon Lightning Spire         Summoning/Air                4
   b - Airstrike                      Air                          4
   c - Silence                        Hexes/Air                    5
   d - Deflect Missiles               Charms/Air                   6
   e - Conjure Ball Lightning         Conjuration/Air              6
   f - Tornado                        Air                          9
Comestibles
 f - 2 bread rations
 o - 15 chunks of flesh


   Skills:
 + Level 4.0 Fighting
 + Level 2.8 Maces & Flails
 + Level 4.4 Armour
 - Level 0.2 Dodging
 + Level 4.4 Shields


You had 4 spell levels left.
You didn't know any spells.

Dungeon Overview and Level Annotations

Branches:
Dungeon (3/15)

Altars:

Annotations:
D:3 Shenda's ghost, amateur MiFi


Innate Abilities, Weirdness & Mutations

You are resistant to torment.
Your stone body is resilient (AC +4).
You are immune to poison.
You resist negative energy.
You are resistant to electric shocks.
You can survive without breathing.
You are immune to petrification.
You are immune to rotting.


Message History

Shenda's ghost turns its malevolent gaze towards you.
You hit the giant cockroach. You freeze the giant cockroach.
You kill the giant cockroach!
An orc priest comes into view. It is wielding a hand axe.
The orc priest shouts!
You hear a shout! x4
Shenda's ghost hits you.
A giant cockroach comes into view.
Press: ? - help, v - describe, . - travel
Here: Shenda's ghost The floor.
You see here a giant cockroach corpse.
The orc priest invokes the aid of Beogh against you.
Beogh smites you!
The orc priest calls down the wrath of Beogh upon you.
Beogh smites you!
* * * LOW HITPOINT WARNING * * *
The orc priest casts a cantrip, but nothing happens.
The orc priest invokes the aid of Beogh against you.
Beogh smites you!
You die...

............#.##
#..............
####..##..##### #>.##.##
#[.##.#### #..).....#
#..##......
#.(##.##.##################
#..........@.W....o.s.....#
#.(##.##.####.###.#######.#
#..##.##.# #.# #.# #.#
#†.......# #.# #.# #.#
#)###.#### #.# #.### #o# ###.#
#.# #.# #...# #.#
#..(###.#######.###.#.## #s#
#......................####†##
#...##.########...†.........#.


You could see an orc priest and Shenda's ghost.

Vanquished Creatures
  An orc wizard (D:3)
  6 adders
  An ooze (D:2)
  4 worms
  A giant gecko (D:2)
  4 orcs (D:3)
  3 bats
  3 giant cockroaches
  A goblin (D:2)
  5 hobgoblins (D:1)
  7 kobolds
  3 quokkas
  A ball python (D:3)
  3 giant newts
  10 rats
53 creatures vanquished.

Vanquished Creatures (others)
  A goblin (D:3)
1 creature vanquished.

Grand Total: 54 creatures vanquished

Notes
Turn   | Place    | Note
--------------------------------------------------------------
     0 | D:1      | dobroeutro the Gargoyle Fighter began the quest for the Orb.
     0 | D:1      | Reached XP level 1. HP: 14/14 MP: 1/1
   166 | D:1      | Reached XP level 2. HP: 16/19 MP: 2/2
   334 | D:1      | Reached XP level 3. HP: 23/23 MP: 3/3
   849 | D:2      | Reached XP level 4. HP: 23/28 MP: 4/4
  1677 | D:3      | Reached XP level 5. HP: 33/33 MP: 5/5
  1768 | D:3      | Noticed Shenda's ghost (amateur MiFi)
  1792 | D:3      | Killed from afar by an orc priest

Vault maps used:
D:1:      dpeg_arrival_shelter, serial_park_tiny_2
D:2:      first_bread
D:3:      nicolae_ru_great_annihilating_truth

Skill      XL: |  1  2  3  4 |
---------------+-------------+-----
Armour         | 4 |  4.4
Shields        | 4 |  4.4
Fighting       | 4 |  4.0
Maces & Flails | |  2.8
Dodging        | |  0.2

Action                   |  1- 3 |  4- 6 || total
-------------------------+-------+-------++-------
Melee: Flail             |    44 |       ||    44
       Spear             |    56 |    94 ||   150
  Eat: Chunk             |       |     3 ||     3
